 Dungeon Crawl Stone Soup version 0.31-a0-1074-g0b22e4e0f1 (webtiles) character file.

Game seed: 17575744674279614974

135 BigPumpCobain the Ruffian (level 4, -3/44 HPs)
             Began as a Troll Shapeshifter on Dec 5, 2023.
             Succumbed to a gnoll's poison
             ... on level 3 of the Dungeon.
             The game lasted 00:02:00 (1431 turns).

BigPumpCobain the Ruffian (Troll Shapeshifter)      Turns: 1431, Time: 00:02:01

Health: -3/44      AC:  5    Str: 24    XL:     4   Next: 97%
Magic:  3/3        EV:  9    Int:  6    God:
Gold:   129        SH:  0    Dex:  9    Spells: 3/3 levels left

rFire   . .          .
                       - Unarmed
rCold   . . .        (no shield)
rNeg    . . .        a - +1 animal skin
rPois   .            (helmet currently unavailable)
rElec   .            (cloak currently unavailable)
rCorr   .            (gloves unavailable)
SInv    .            (boots unavailable)
Will    .....        (no amulet)
Stlth   +            (no ring)
HPRegen 1.07/turn    (no ring)
MPRegen 0.08/turn

%: no passive effects
@: lethally poisoned (-3 -> -23), beast-form
A: beast (slay +1), large, unfitting armour, claws 3, regeneration 1, shaggy fur
1, tough skin 1
a: Begin Untransformation


You were on level 3 of the Dungeon.
You were a hulking beast.
You visited 1 branch of the dungeon, and saw 3 of its levels.

You collected 129 gold pieces.

Inventory:

Hand Weapons
 o - a +3 hand axe
Missiles
 n - a throwing net
Armour
 a - a +1 animal skin (worn)
Talismans
 c - a beast talisman
 d - a flux talisman
Scrolls
 g - a scroll of enchant armour
 i - a scroll of enchant weapon {unknown}
 j - a scroll of revelation {unknown}
 k - 5 scrolls of teleportation
 m - a scroll of fear {unknown}
 p - a scroll of identify {unknown}
Potions
 b - a potion of lignification
 e - a potion of invisibility {unknown}
 f - 2 potions of enlightenment {unknown}
 h - 2 potions of haste {unknown}
 l - a potion of curing {unknown}


   Skills:
 + Level 2.8 Fighting
 - Level 1.5 Dodging
 + Level 4.5 Unarmed Combat
 - Level 3.0 Shapeshifting


You had 3 spell levels left.
You didn't know any spells.
Your spell library contained the following spells:

 Spells                   Type           Power      Damage    Failure   Level
 Magic Dart               Conj           0%         1d3       45%         1
 Call Imp                 Summ           0%         N/A       58%         2
 Wereblood                Tmut           0%         N/A       58%         2
 Mephitic Cloud           Conj/Pois/Air  0%         N/A       83%         3
 Irradiate                Conj/Tmut      0%         3d11      100%        5


Dungeon Overview and Level Annotations

Branches:
Dungeon (3/15)

Altars:


Innate Abilities, Weirdness & Mutations

You are a hulking beast.
Your limbs bulge with bestial killing power. (Slay +1)
You are too large for most types of armour.
You have claws for hands.
Your natural rate of healing is unusually fast.
You are covered in fur. (AC +1)
You have tough skin. (AC +1)


Message History

You feel very sick. The gnoll barely misses you.
Things that are here:
a +0 flail; a gnoll corpse You are too injured to fight recklessly!
You are too injured to fight recklessly!
You are too injured to fight recklessly!
You are too injured to fight recklessly!
You are too injured to fight recklessly!
You are too injured to fight recklessly!
You are too injured to fight recklessly!
You are too injured to fight recklessly!
You are too injured to fight recklessly!
You are too injured to fight recklessly!
You are too injured to fight recklessly!
You are too injured to fight recklessly!
You are too injured to fight recklessly!
You are too injured to fight recklessly!
You are too injured to fight recklessly!
You are too injured to fight recklessly!
You closely miss the gnoll.
You feel very sick.
The gnoll hits you with a +1 spear of venom.
You are more poisoned.
You completely miss the gnoll.
You feel very sick. The gnoll hits you but does no damage.
You are lethally poisoned!
You completely miss the gnoll.
* * * LOW HITPOINT WARNING * * *
You feel very sick. The gnoll closely misses you.
You barely miss the gnoll.
* * * LOW HITPOINT WARNING * * *
You feel very sick.
The gnoll hits you with a +1 spear of venom.
* * * LOW HITPOINT WARNING * * *
You are more poisoned.
You barely miss the gnoll.
You die...

#...........
##
#........... .
#...........
###.
###........###
....
..###....###
#..##.##..####
....#..##
#g.#.## #.h#.#
#.).># ##.#.#
#.#.# #.#.#
#.#.# #.#.#
#.#.# ..#.#


You could see a gnoll.

Vanquished Creatures
  6 gnolls
  2 adders (D:2)
  2 dart slugs
  An endoplasm (D:2)
  A giant cockroach (D:2)
  4 goblins
  9 hobgoblins
  3 jackals
  2 kobolds (D:2)
  A quokka (D:2)
  2 ball pythons
  3 bats
  7 frilled lizards
  21 rats
64 creatures vanquished.

Notes
Turn   | Place    | Note
-------+----------+-------------------------------------------
     0 | D:1      | BigPumpCobain the Troll Shapeshifter began the quest for
                  | the Orb.
     0 | D:1      | Reached XP level 1. HP: 18/18 MP: 0/0
    69 | D:1      | Reached skill level 1 in Fighting
    69 | D:1      | Reached XP level 2. HP: 11/27 MP: 1/1
   441 | D:1      | Reached XP level 3. HP: 34/35 MP: 2/2
   921 | D:2      | Reached skill level 4 in Unarmed Combat
   992 | D:2      | Reached XP level 4. HP: 42/42 MP: 3/3
  1430 | D:3      | HP: 2/44 [gnoll/+1 spear of venom (6)]
  1431 | D:3      | Succumbed to a gnoll's poison

Illustrated notes

Levels and vault maps discovered:
D:1:      psy_arrival_dodecagon, layout_basic, nicolae_the_louvre
D:2:      layout_basic, minmay_rat_hole
D:3:      minmay_chambers_of_threes, layout_basic

Skill      XL: |  1  2  3 |
---------------+----------+-----
Fighting       | 1 2 |  2.8
Unarmed Combat | 4 |  4.5
Dodging        | |  1.5
Shapeshifting  | |  3.0

Action                     |  1- 3 |  4- 6 || total
---------------------------+-------+-------++-------
  Melee: Unarmed           |   109 |    45 ||   154
         Punch             |     1 |       ||     1
    Use: Scroll            |       |     2 ||     2
 Armour: Animal skin       |    73 |    31 ||   104
  Dodge: Dodged            |    52 |    16 ||    68

Table legend: (Time is in decaauts)
 A = Elapsed time spent in this place.
 B = Non-inter-level travel time spent in this place.
 C = Inter-level travel time spent in this place.
 D = Time resting spent in this place.
 E = Time spent auto-exploring this place.
 F = Levels seen in this place.
 G = Mean time per level.
                   A        B        C        D        E       F      G
               +--------+--------+--------+--------+--------+-----+--------+
         Total |   1419 |   1392 |     27 |      0 |   1108 |   3 |  473.0 |
       Dungeon |   1419 |   1392 |     27 |      0 |   1108 |   3 |  473.0 |
               +--------+--------+--------+--------+--------+-----+--------+

Top non-repeatable levels by time:
     D:1: 709 daAuts
     D:2: 680 daAuts
     D:3: 29 daAuts
